 Dungeon Crawl Stone Soup version 0.27.1-2-g3b301248ec (webtiles) character file.

Game seed: 1763085732034426561

107 MisterFreud the Transmogrifier (level 4, -1/34 HPs)
             Began as a Gnoll Wanderer on Sept 26, 2021.
             Was a Follower of Sif Muna.
             Killed from afar by an orc wizard (7 damage)
             ... with a magic dart
             ... on level 3 of the Dungeon.
             The game lasted 00:04:29 (3002 turns).

MisterFreud the Transmogrifier (Gnoll Wanderer)     Turns: 3002, Time: 00:04:29

Health: -1/34      AC:  2    Str: 11    XL:     4   Next: 86%
Magic:  5/5        EV: 15    Int: 14    God:    Sif Muna [*.....]
Gold:   50         SH:  4    Dex: 10    Spells: 2/5 levels left

rFire    . . .     SeeInvis .   f - +2 dagger (vamp)
rCold    . . .     Faith    .   c - +0 buckler
rNeg     . . .     Spirit   .   b - +0 robe
rPois    .         Reflect  .   (no helmet)
rElec    .         Harm     .   (no cloak)
rCorr    .         Rampage  .   (no gloves)
Will     .....                  (no boots)
Stlth    +.........             (no amulet)
HPRegen  0.11/turn              e - +4 ring of evasion
MPRegen  0.09/turn              p - ring of wizardry

@: no status effects
A: fangs 1, strong nose, distributed training
a: Renounce Religion, Channel Magic


You were on level 3 of the Dungeon.
You worshipped Sif Muna.
Sif Muna was aware of your devotion.
You visited 1 branch of the dungeon, and saw 3 of its levels.

You collected 120 gold pieces.
You spent 70 gold pieces at shops.

Inventory:

Hand Weapons
 a - a +0 club
 d - a +2 dagger of flaming
 f - a +2 vampiric dagger (weapon)
Missiles
 k - 2 throwing nets (quivered)
 l - 42 poisoned darts
 m - 53 stones
Armour
 b - a +0 robe (worn)
 c - a +0 buckler (worn)
Jewellery
 e - a +4 ring of evasion (left hand)
 g - a +6 ring of strength
 p - a ring of wizardry (right hand)
 r - a ring of ice
Scrolls
 h - 3 scrolls of fog
 j - a scroll of enchant armour {unknown}
 n - 2 scrolls of teleportation
Potions
 o - a potion of resistance
 q - a potion of might


   Skills:
 + Level 2.8 Fighting
 + Level 1.2 Short Blades
 + Level 1.2 Long Blades
 + Level 1.2 Axes
 + Level 1.2 Maces & Flails
 + Level 1.2 Polearms
 + Level 1.2 Staves
 + Level 1.2 Slings
 + Level 1.2 Bows
 + Level 1.2 Crossbows
 + Level 1.2 Throwing
 + Level 4.7 Armour
 + Level 1.2 Dodging
 + Level 1.2 Stealth
 + Level 2.8 Shields
 + Level 1.2 Unarmed Combat
 + Level 1.2 Spellcasting
 + Level 1.0 Conjurations
 + Level 1.0 Hexes
 + Level 1.0 Summonings
 + Level 1.0 Necromancy
 + Level 1.0 Translocations
 + Level 8.8 Transmutations
 + Level 1.0 Fire Magic
 + Level 1.0 Ice Magic
 + Level 1.0 Air Magic
 + Level 1.0 Earth Magic
 + Level 1.0 Poison Magic
 + Level 1.4 Invocations
 + Level 2.8 Evocations


You had 2 spell levels left.
You knew the following spells:

 Your Spells              Type           Power      Damage    Failure   Level
a - Sandblast             Erth           6%         2d5       8%          1
b - Passwall              Tmut/Erth      11%        N/A       2%          2

Your spell library contained the following spells:

 Spells                   Type           Power      Damage    Failure   Level
 Sting                    Tmut/Pois      56%        1d5       1%          1
 Corona                   Hex            3%         N/A       8%          1
 Magic Dart               Conj           12%        1d3       8%          1
 Shock                    Conj/Air       12%        1d3       8%          1
 Summon Small Mammal      Summ           12%        N/A       8%          1
 Petrify                  Tmut/Erth      14%        N/A       16%         4
 Mephitic Cloud           Conj/Pois/Air  3%         N/A       22%         3
 Stone Arrow              Conj/Erth      6%         3d7       22%         3


Dungeon Overview and Level Annotations

Branches:
Dungeon (3/15)

Altars:
Sif Muna

Shops:
D:3 *?


Innate Abilities, Weirdness & Mutations

You have very sharp teeth.
Your uncanny sense of smell can sniff out nearby items.
Your experience applies equally to all skills.


Message History

You hit the orc priest but do no damage.
The orc priest is severely wounded.
The orc priest barely misses you.
You hit the orc priest.
You feel better.
The orc priest is severely wounded.
The orc priest barely misses you.
You barely miss the orc priest. Your bite misses the orc priest.
The orc priest is severely wounded.
The orc priest hits you with a +0 hand axe.
You barely miss the orc priest.
The orc priest is severely wounded.
The orc priest closely misses you.
You closely miss the orc priest. Your bite misses the orc priest.
The orc priest is severely wounded.
You block the orc priest's attack.
You hit the orc priest.
The orc priest is almost dead.
The orc priest hits you but does no damage.
You hit the orc priest.
You kill the orc priest!
Sif Muna accepts your kill.
A magic dart appears from out of thin air!
The magic dart hits you!
* * * LOW HITPOINT WARNING * * *
Your Conjurations skill increases to level 1!
Your Hexes skill increases to level 1!
Your Summonings skill increases to level 1!
Your Necromancy skill increases to level 1!
Your Translocations skill increases to level 1!
Your Fire Magic skill increases to level 1!
Your Ice Magic skill increases to level 1!
Your Air Magic skill increases to level 1!
Your Earth Magic skill increases to level 1!
Your Poison Magic skill increases to level 1!
Unknown command.
Items here: ))) [ ††.
There is an entrance to Cafac's Magic Scroll Boutique here.
A magic dart appears from out of thin air!
The magic dart hits you!
You die...

###. #. #.. #. ..
#.# #. .. ##.# #.
.. #..# #.### ..
###..# ###... ..
#....####.##)####..
#.@.∩{...#)#.#)o...
#.##....###..#.....
#.##..### ##...##.#
##.##..# #..#.# .#
#.###..#####
#.#).....# #......#
#.###...###
######.# ## #...#
#.# #...# #.# #..<#


There were no monsters in sight!

Vanquished Creatures
  An orc priest (D:3)
  2 adders (D:2)
  2 dart slugs (D:1)
  4 orcs (D:3)
  4 ball pythons
  3 endoplasms
  7 giant cockroaches
  3 goblins (D:1)
  5 hobgoblins
  2 jackals (D:1)
  3 kobolds
  2 quokkas (D:1)
  4 bats
  2 frilled lizards (D:1)
  5 rats
49 creatures vanquished.

Vanquished Creatures (others)
  2 fungi (D:1)
  2 plants (D:1)
4 creatures vanquished.

Grand Total: 53 creatures vanquished

Notes
Turn   | Place    | Note
-------+----------+-------------------------------------------
     0 | D:1      | MisterFreud the Gnoll Wanderer began the quest for the Orb.
     0 | D:1      | MisterFreud set off with the following items: a +0 club, a
                  | +0 robe, a +0 buckler; and the following spells available
                  | to memorise: Passwall, Magic Dart, Sandblast, Petrify,
                  | Mephitic Cloud, Stone Arrow
     0 | D:1      | Reached XP level 1. HP: 17/17 MP: 1/1
   502 | D:1      | Reached XP level 2. HP: 6/23 MP: 2/2
   782 | D:1      | Learned a level 1 spell: Sandblast
  1308 | D:1      | Reached XP level 3. HP: 28/28 MP: 3/3
  1440 | D:1      | Learned a level 2 spell: Passwall
  1507 | D:1      | Got A Beginning Course on Rites and Rhymes
  1562 | D:1      | Found a faded altar of an unknown god.
  1576 | D:1      | Got Plato's Guide on Creation
  1577 | D:1      | Became a worshipper of Sif Muna the Loreminder
  1577 | D:1      | Reached * piety under Sif Muna
  1863 | D:2      | Reached skill level 1 in Invocations
  1905 | D:2      | Reached skill level 1 in Short Blades
  1905 | D:2      | Reached skill level 1 in Long Blades
  1905 | D:2      | Reached skill level 1 in Axes
  1905 | D:2      | Reached skill level 1 in Maces & Flails
  1905 | D:2      | Reached skill level 1 in Polearms
  1905 | D:2      | Reached skill level 1 in Staves
  1905 | D:2      | Reached skill level 1 in Slings
  1905 | D:2      | Reached skill level 1 in Bows
  1905 | D:2      | Reached skill level 1 in Crossbows
  1905 | D:2      | Reached skill level 1 in Throwing
  1905 | D:2      | Reached skill level 1 in Dodging
  1905 | D:2      | Reached skill level 1 in Stealth
  1905 | D:2      | Reached skill level 1 in Unarmed Combat
  1905 | D:2      | Reached skill level 1 in Spellcasting
  1911 | D:2      | Reached XP level 4. HP: 10/34 MP: 5/5
  2653 | D:3      | Found Nuets's General Store.
  2914 | D:3      | Found Cafac's Magic Scroll Boutique.
  2920 | D:3      | Bought a scroll of teleportation for 42 gold pieces
  2920 | D:3      | Bought a scroll of fog for 28 gold pieces
  2993 | D:3      | Reached skill level 1 in Conjurations
  2993 | D:3      | Reached skill level 1 in Hexes
  2993 | D:3      | Reached skill level 1 in Summonings
  2993 | D:3      | Reached skill level 1 in Necromancy
  2993 | D:3      | Reached skill level 1 in Translocations
  2993 | D:3      | Reached skill level 1 in Fire Magic
  2993 | D:3      | Reached skill level 1 in Ice Magic
  2993 | D:3      | Reached skill level 1 in Air Magic
  2993 | D:3      | Reached skill level 1 in Earth Magic
  2993 | D:3      | Reached skill level 1 in Poison Magic
  3002 | D:3      | Killed from afar by an orc wizard

Illustrated notes

Levels and vault maps discovered:
D:1:      amcnicky_arrival_double_pillar, layout_basic,
          shapermc_ecumenical_altar_rom_forum, serial_forest,
          infiniplex_forest_lined_3, infiniplex_forest_lined_corner,
          infiniplex_forest_lined_1, infiniplex_forest_lined_2,
          infiniplex_forest_clump_small, infiniplex_forest_clump_small,
          infiniplex_forest_lined_3
D:2:      layout_basic, minmay_misc_feat_rows
D:3:      layout_loops_cross, nicolae_ru_path_of_blood, serial_shops, shop,
          nicolae_shop_overgrown_old_shop, nicolae_shop_stone,
          nicolae_square_shop

Skill      XL: |  1  2  3  4 |
---------------+-------------+-----
Invocations    | 1 |  1.4
Short Blades   | 1 |  1.2
Long Blades    | 1 |  1.2
Axes           | 1 |  1.2
Maces & Flails | 1 |  1.2
Polearms       | 1 |  1.2
Staves         | 1 |  1.2
Slings         | 1 |  1.2
Bows           | 1 |  1.2
Crossbows      | 1 |  1.2
Throwing       | 1 |  1.2
Dodging        | 1 |  1.2
Stealth        | 1 |  1.2
Unarmed Combat | 1 |  1.2
Spellcasting   | 1 |  1.2
Conjurations   | 1 |  1.0
Hexes          | 1 |  1.0
Summonings     | 1 |  1.0
Necromancy     | 1 |  1.0
Translocations | 1 |  1.0
Fire Magic     | 1 |  1.0
Ice Magic      | 1 |  1.0
Air Magic      | 1 |  1.0
Earth Magic    | 1 |  1.0
Poison Magic   | 1 |  1.0
Fighting       | |  2.8
Armour         | |  4.7
Shields        | |  2.8
Transmutations | |  8.8
Evocations     | |  2.8

Action                   |  1- 3 |  4- 6 || total
-------------------------+-------+-------++-------
Melee: Club              |    34 |       ||    34
       Bite              |     8 |     5 ||    13
       Dagger            |   109 |    93 ||   202
  Use: Scroll            |       |     3 ||     3
       Potion            |       |     1 ||     1
 Stab: Sleeping          |     1 |       ||     1
Armor: Robe              |    24 |    14 ||    38
Dodge: Dodged            |    87 |    61 ||   148
Block: Buckler           |    20 |    14 ||    34
